 Dungeon Crawl Stone Soup version 0.31.0-9-g3a7656b989 (webtiles) character file.

Game seed: 16015548031819491970

95175 EnegeticOcto the Black Sun (level 15, -11/93 HPs)
             Began as a Deep Elf Wanderer on Feb 1, 2024.
             Was a High Priest of Kikubaaqudgha.
             Killed from afar by a salamander tyrant (53 damage)
             ... with a flame surge
             ... on level 3 of the Snake Pit.
             The game lasted 01:22:22 (15885 turns).

EnegeticOcto the Black Sun (Deep Elf Wanderer)     Turns: 15885, Time: 01:22:22

Health: -11/93     AC: 19    Str:  6    XL:     15   Next: 65%
Magic:  34/34      EV: 13    Int: 29    God:    Kikubaaqudgha [*****.]
Gold:   1173       SH: 11    Dex: 13    Spells: 10/41 levels left

rFire   . . .        X - staff of alchemy
rCold   . . .        i - +0 kite shield
rNeg    . . .        P - +2 troll leather armour of the Holding Gods {Will++ Regen+ Stlth+}
rPois   +            F - +2 helmet
rElec   .            J - +1 cloak
rCorr   .            G - +2 pair of gloves
SInv    .            K - +0 pair of boots
Will    +++..        y - amulet of magic regeneration
Stlth   +++          O - ring of wizardry
HPRegen 1.15/turn    I - +4 ring of protection
MPRegen 0.64/turn

%: wizardry (x1)
@: about to teleport
A: no striking features
a: Renounce Religion, Unearth Wretches, Torment


You were on level 3 of the Snake Pit.
You worshipped Kikubaaqudgha.
Kikubaaqudgha was extremely pleased with you.
You visited 5 branches of the dungeon, and saw 21 of its levels.
You also visited: Bailey.

You collected 2410 gold pieces.
You spent 1237 gold pieces at shops.

Inventory:

Hand Weapons
 e - the +8 dagger "Qoveg" {freeze, rF+ Int+2}
   (You found it on level 10 of the Dungeon)

   Int+2:     It affects your intelligence (+2).
   rF+:       It protects you from fire.
 n - a +7 eveningstar
   (You took it off Urug on level 10 of the Dungeon)
 s - a +1 rapier of distortion
   (You took it off a spriggan on level 5 of the Lair of Beasts)
 S - a +0 dagger of distortion
   (You took it off Sonja on level 3 of the Lair of Beasts)
Missiles
 g - 36 boomerangs (quivered)
 C - 2 throwing nets {!f}
 R - 3 curare-tipped darts
Armour
 i - a +0 kite shield (worn)
   (You took it off Donald on level 2 of the Orcish Mines)
 F - a +2 helmet (worn)
   (You found it on level 7 of the Dungeon)
 G - a +2 pair of gloves (worn)
   (You found it on level 8 of the Dungeon)
 J - a +1 cloak (worn)
   (You found it on level 9 of the Dungeon)
 K - a +0 pair of boots (worn)
   (You found it on level 9 of the Dungeon)
 P - the +2 troll leather armour of the Holding Gods (worn) {Will++ Regen+ Stlth+}
   (You found it on level 5 of the Lair of Beasts)

   Will++:    It greatly increases your willpower.
   Regen+:    It increases your rate of health regeneration.
   Stlth+:    It makes you more stealthy.
Magical Staves
 L - a staff of cold
   (You found it on level 5 of the Lair of Beasts)
 X - a staff of alchemy (weapon)
   (You found it on level 5 of the Lair of Beasts)
Jewellery
 a - a ring of poison resistance
   (You found it on level 9 of the Dungeon)
 c - a ring of protection from cold
   (You found it on level 2 of the Snake Pit)
 p - a ring of flight
   (You found it on level 3 of the Dungeon)
 y - an amulet of magic regeneration (around neck)
   (You found it on level 6 of the Dungeon)
 I - a +4 ring of protection (right hand)
   (You bought it in a shop on level 2 of the Orcish Mines)
 O - a ring of wizardry (left hand)
   (You bought it in a shop on level 2 of the Orcish Mines)
 T - a +6 ring of intelligence
   (You found it on level 4 of the Lair of Beasts)
 W - a ring of positive energy
   (You found it on level 5 of the Lair of Beasts)
 Y - a ring of willpower
   (You found it on level 3 of the Lair of Beasts)
Wands
 d - a wand of polymorph (5)
 o - a wand of mindburst (40)
   (You found it on level 8 of the Dungeon)
 v - a wand of paralysis (16)
   (You found it on level 5 of the Dungeon)
 z - a wand of digging (9) {@v3}
   (You found it on level 6 of the Dungeon)
 D - a wand of iceblast (18) {@v2}
   (You bought it in a shop on level 6 of the Dungeon)
 M - a wand of quicksilver (23) {@v1}
   (You found it on level 1 of the Lair of Beasts)
Scrolls
 b - 2 scrolls of fog {!r}
 l - 5 scrolls of blinking {@r4}
 q - 13 scrolls of teleportation {@r3 !r}
 r - 2 scrolls of torment
 u - 2 scrolls of revelation {@r5 !r}
 E - 3 scrolls of vulnerability
 Q - 4 scrolls of poison {!r}
 Z - 2 scrolls of immolation
Potions
 f - 4 potions of attraction
 h - 16 potions of curing {@q1 !q}
 j - 4 potions of lignification {@q6}
 m - a potion of mutation
 t - 4 potions of might {@q3 !q}
 w - a potion of invisibility
 A - a potion of berserk rage
 B - 2 potions of enlightenment
 H - 3 potions of haste {@q4 !q}
 N - 2 potions of heal wounds {@q2 !q}
 U - a potion of ambrosia
 V - 3 potions of magic
Miscellaneous
 x - a lightning rod (4/4)
   (You found it on level 5 of the Lair of Beasts)


   Skills:
 + Level 10.4 Fighting
 - Level 4.0 Armour
 - Level 10.0 Dodging
 - Level 3.0 Stealth
 - Level 10.0 Shields
 + Level 13.8 Spellcasting
 - Level 6.0 Conjurations
 + Level 9.6 Summonings
 + Level 14.5 Necromancy
 - Level 1.1 Fire Magic
 - Level 5.0 Earth Magic
 - Level 10.0 Alchemy
 - Level 3.2 Evocations


You had 10 spell levels left.
You knew the following spells:

 Your Spells              Type           Power      Damage    Failure   Level
a - Necrotise             Necr           100%       1d9       1%          1
b - Borgnjor's Vile Clut  Necr/Erth      33%        N/A       3%          5
c - Olgreb's Toxic Radia  Alch           87%        N/A       1%          4
d - Death Channel         Necr           40%        N/A       2%          6
e - Martyr's Knell        Necr/Summ      74%        N/A       1%          4
g - Vampiric Draining     Necr           81%        2d11      1%          3
p - Passwall              Erth           49%        N/A       2%          3
z - Irradiate             Conj/Alch      39%        3d24      7%          5

Your spell library contained the following spells:

 Spells                   Type           Power      Damage    Failure   Level
 Foxfire                  Conj/Fire      100%       2x1d9     1%          1
 Sting                    Conj/Alch      100%       1d9       1%          1
 Cigotuvi's Dreadful Rot  Necr/Alch/Air  100%       N/A       1%          2
 Mercury Vapours          Alch/Air       100%       N/A       1%          2
 Fugue of the Fallen      Necr           81%        N/A       1%          3
 Dispel Undead            Necr           81%        3d26      1%          4
 Curse of Agony           Necr           81%        N/A       1%          5
 Anguish                  Hex/Necr       29%        N/A       3%          4
 Leda's Liquefaction      Alch/Erth      38%        N/A       3%          4
 Slow                     Hex            80%        N/A       7%          1
 Ensorcelled Hibernation  Hex/Ice        40%        N/A       11%         2
 Inner Flame              Hex/Fire       23%        N/A       16%         3
 Volatile Blastmotes      Fire/Tloc      46%        2d13      16%         3
 Confusing Touch          Hex            20%        N/A       21%         3
 Ozocubu's Armour         Ice            20%        N/A       21%         3
 Sigil of Binding         Hex            20%        N/A       21%         3
 Swiftness                Air            20%        N/A       21%         3
 Lee's Rapid Deconstruct  Erth           24%        3d13*     24%         5
 Manifold Assault         Tloc           20%        N/A       52%         4
 Bombard                  Conj/Erth      25%        9d5       69%         6
 Ignition                 Fire           13%        3d6       100%        8


Dungeon Overview and Level Annotations

Branches:
Dungeon (10/15) Zot: 23781  Temple (1/1) D:5 Zot: 5998    Lair (5/5) D:10 Zot: 22984
  Swamp (0/4) Lair:2        Snake (3/4) Lair:2 Zot: 16172   Slime (0/5) Lair:5
    Orc (2/2) D:10 Zot: 10119     Elf (0/3) Orc:2        Bailey (visited)

Altars:
Ashenzari
Cheibriados
Dithmenos
Elyvilon
Fedhas
Gozag
Hepliaklqana
Kikubaaqudgha
Makhleb
Nemelex Xobeh
Okawaru
Qazlal
Ru
Sif Muna
Trog
Uskayaw
Vehumet
Wu Jian
Xom
Yredelemnul
Zin
The Shining One
Lugonu

Shops:
D:6 *   D:8 [   D:10 [   Orc:1 *[   Orc:2 =(*:   Snake:2 [

Portals:
Abyss: Lair:5 Snake:3

Annotations:
D:6 exclusion: door, zxspectator's ghost, novice GrFi
Snake:3 2 transporters, Razfen's ghost, adept GnWn


Message History

Your spectral naga mage hits the naga mage!
Your spectral naga mage grabs the naga mage.
Your spectral naga mage constricts the naga mage.
Your spectral guardian serpent hits the naga mage!!
The naga mage dies!
Kikubaaqudgha accepts your kill.
A glowing mist starts to gather...
You swap places.
Found a stone staircase leading down.
You feel very sick.
You swap places.
You feel sick.
Things that are here:
a +0 halberd; a +0 leather armour; a salamander corpse You feel sick.
Found a stone staircase leading up.
You feel sick.
You feel sick.
You feel sick.
You feel sick.
You feel sick.
You feel sick.
You feel sick.
You are no longer poisoned.
Your magical contamination has completely faded away.
Found 20 gold pieces.
Your unholy channel is weakening.
You now have 1173 gold pieces (gained 20).
Your unholy channel expires.
Your spectral naga fades into mist!
Your spectral black mamba fades into mist!
Your spectral salamander fades into mist!
Your spectral naga mage fades into mist! x2
Your spectral nagaraja fades into mist!
Your spectral guardian serpent fades into mist!
Your spectral naga mage fades into mist!
You see here a +0 leather armour.
Found a stone staircase leading up.
Found a one-way gate to the infinite horrors of the Abyss.
Press: ? - help, v - describe, . - travel, g - get item Item here: Sif Muna's Tractate on the Icicle and the Anticline.
The floor.
Unknown command.
Razfen's ghost turns its malevolent gaze towards you.
A naga comes into view. It is wielding a +0 battleaxe.
Casting: Olgreb's Toxic Radiance (mildly dangerous; 1% risk of failure)
Confirm with . or Enter, or press ? or * to list all spells.
Aiming: Borgnjor's Vile Clutch (dangerous; 3% risk of failure)
Press: ? - help, Shift-Dir - straight line, f - naga
Aim: a naga, wielding a +0 battleaxe (asleep, 100% to hit)
The naga shouts!
Zombie hands grab the naga.
The zombie hands constrict the naga.
The zombie hands constrict the naga.
The naga struggles to escape constriction.
The zombie hands constrict the naga.
The naga struggles to escape constriction.
The zombie hands constrict the naga.
The zombie hands constrict the naga!
You block the naga's attack. The naga closely misses you.
Casting: Borgnjor's Vile Clutch (dangerous; 3% risk of failure)
Confirm with . or Enter, or press ? or * to list all spells.
You feel a surge of power!
You erupt in a fountain of uncontrolled magic!
The naga is blasted with magical radiation!!
You kill the naga!
Kikubaaqudgha accepts your kill.
You are very lightly contaminated with residual magic.
You see here a +0 battleaxe.
Found an escape hatch in the ceiling.
The cacodemon shouts!
Found a runed falchion and a scroll of teleportation.
Found a transporter.
The occultist shouts!
You hear a shout!
Your magical contamination has completely faded away.
Found a transporter.
The naga warrior shouts!
A salamander comes into view. It is wielding a +0 spear.
A naga mage, a black mamba and a salamander come into view.
The naga mage shouts!
You hear an angry hiss.
A shock serpent comes into view.
The naga mage moves out of view.
The salamander moves out of view.
A salamander tyrant comes into view.
Aiming: Paralyse
Press: ? - help, Shift-Dir - straight line, f - black mamba
Aim: a black mamba (chance to affect: 57%)
Okay, then.
Really read
q - 14 scrolls of teleportation {@r3 !r}?
As you read the scroll of teleportation {@r3 !r}, it crumbles to dust.
You feel strangely unstable.
The salamander tyrant rends the earth beneath you!
The blast of magma engulfs you!!!
Ouch! That really hurt!
Really read
k - a scroll of fear {!r}?
As you read the scroll of fear {!r}, it crumbles to dust.
You assume a fearsome visage.
The black mamba looks frightened!
The salamander tyrant easily resists.
The salamander looks frightened! x2
The shock serpent looks frightened!
The salamander tyrant calls gouts of flame from the lava!
The flame surge hits you!!!
Ouch! That really hurt!
You die...
Kikubaaqudgha rasps: "You have failed me!
Welcome... death!"

### N..............
..##
N......S....... ...
##..........S... #.
#...............
#####.
#.............#
##.....
..............#
##......
......≈≈≈.....#
#..#.... #≈@≈.....#
........ #..
##.≈.....##.##.....
#....
##........##......
## #.....
#.......###......
.###......
##.......#.......
...........
#####...........
........... ###
##.###......††
.....# ....
#.####..# #.......)
.....# ...##
#......## #......††


You could see a salamander tyrant, a shock serpent (fleeing), a black mamba
(fleeing) and a naga mage.

Vanquished Creatures
  Gastronok (Lair:3)
  Aizul (Snake:3)
  Donald (Orc:2)
  Harold (Lair:1)
  A catoblepas (Lair:4)
  2 hydras
  5 anacondas
  3 naga warriors
  3 orc high priests (Orc:2)
  A two-headed ogre (D:10)
  Urug (D:10)
  7 naga sharpshooters
  A shock serpent (Snake:2)
  A thrashing horror (Lair:5)
  6 death yaks
  The ghost of snadeaben the Ruffian, a novice TrFi of Wu Jian (D:10)
  Sonja (Lair:3)
  3 mana vipers
  A naga ritualist (Snake:1)
  The ghost of paps the Changeling, a novice TrSh (D:8)
  An orc knight (Orc:2)
  A deep elf pyromancer (D:8)
  A cyclops (D:10)
  4 orc sorcerers (Orc:2)
  2 ugly things (Lair:5)
  4 salamanders
  A wolf spider (D:10)
  A large abomination (Lair:5)
  3 guardian serpents
  3 kobold blastminers
  7 black mambas
  6 naga magi
  2 cane toads
  A smoke demon (Lair:5)
  A cane toad (shapeshifter) (D:10)
  Jeremiah (D:8)
  A nameless horror (D:10)
  Maggie (D:9)
  A kobold demonologist (D:10)
  4 komodo dragons
  An efreet (D:10)
  Psyche (D:9)
  4 trolls
  4 polar bears
  A hornet (D:8)
  8 blink frogs
  A raiju (Lair:5)
  A slime creature (Lair:4)
  A centaur simulacrum (D:10)
  A spriggan (Lair:5)
  2 wraiths (D:10)
  14 yaks
  2 ynoxinuls (Lair:5)
  5 basilisks
  3 wyverns
  3 wargs
  A vampire mosquito (D:10)
  2 chaos spawn (Lair:5)
  4 steam dragons
  18 nagas
  An acid dragon (D:9)
  8 water moccasins
  3 ice beasts
  30 orc warriors
  6 centaurs
  4 ogres
  5 wolves (Lair:4)
  A kobold brigand (D:9)
  6 bullfrogs
  A scorpion (D:7)
  A burial acolyte (D:8)
  5 small abominations (Lair:5)
  8 wights
  7 killer bees
  2 electric eels
  6 howler monkeys
  2 hounds (D:5)
  8 jellies
  27 orc priests
  An iguana (D:5)
  39 orc wizards
  A sleepcap (D:4)
  5 hell rats (Lair:4)
  4 gnolls (D:6)
  9 adders
  2 white imps (Lair:5)
  2 ufetubi (D:6)
  3 adder zombies (D:8)
  2 dart slugs
  80 orcs
  2 ball pythons
  23 endoplasms
  7 giant cockroaches
  4 goblins
  7 hobgoblins
  10 jackals
  18 kobolds
  A quokka (D:1)
  A bat (D:1)
  2 frilled lizards (D:1)
  4 rats
523 creatures vanquished.

Vanquished Creatures (collateral kills)
  Rupert (Snake:1)
  A nagaraja (Snake:3)
  An orc warlord (Orc:2)
  A hydra (Lair:3)
  An anaconda (Snake:1)
  5 death yaks
  4 naga warriors
  2 naga sharpshooters
  2 thrashing horrors (Lair:5)
  A shock serpent (Snake:2)
  8 mana vipers
  3 naga ritualists
  A salamander (Snake:3)
  6 elephants (Lair:3)
  A kobold blastminer (Orc:1)
  6 black mambas
  5 naga magi (Snake:3)
  A torpor snail (Lair:2)
  A guardian serpent (Snake:3)
  An ice statue (Lair:5)
  11 cane toads
  A large abomination (Lair:5)
  2 komodo dragons
  A rime drake (Lair:3)
  A freezing wraith (Lair:5)
  An unseen horror (shapeshifter) (Lair:5)
  3 polar bears
  4 blink frogs
  4 small abominations (Lair:5)
  6 yaks
  A ynoxinul (Lair:5)
  A spriggan (Lair:5)
  3 basilisks
  A steam dragon (D:10)
  11 nagas
  5 water moccasins
  4 ice beasts
  A black bear (Lair:3)
  4 orc warriors
  An ogre (Orc:2)
  A wolf (Lair:4)
  A kobold brigand (D:7)
  3 bullfrogs
  A wight (D:8)
  A howler monkey (D:10)
  An orc priest (Orc:2)
  4 orc wizards
  A shadow imp (D:7)
  A white imp (Lair:5)
  A dart slug (D:3)
  A hobgoblin (D:1)
  A jackal (D:1)
  A kobold (D:7)
  2 ball pythons (D:1)
  3 frilled lizards
  4 butterflies (Lair:1)
145 creatures vanquished.

Vanquished Creatures (others)
  2 hydras
  A boulder beetle (Lair:5)
  A shock serpent (Snake:3)
  A salamander mystic (Snake:3)
  A mana viper (Snake:3)
  An arcanist (D:10)
  2 salamanders (Snake:3)
  A guardian serpent (Snake:3)
  5 black mambas
  5 cane toads
  A naga mage (Snake:1)
  A rime drake (Lair:5)
  2 komodo dragons
  A polar bear (Lair:5)
  A blink frog (Lair:3)
  A raiju (Lair:5)
  2 wyverns
  A naga (Snake:2)
  4 water moccasins
  A black bear (Lair:3)
  A wolf (Lair:1)
  3 bullfrogs
  A small abomination (Lair:5)
40 creatures vanquished.

Grand Total: 708 creatures vanquished

Notes
Turn   | Place    | Note
-------+----------+-------------------------------------------
     0 | D:1      | EnegeticOcto the Deep Elf Wanderer began the quest for the
                  | Orb.
     0 | D:1      | EnegeticOcto set off with the following items: a +0 dagger,
                  | a scroll of fog {!r}, a +0 robe, a wand of polymorph (5);
                  | and the following spells available to memorise: Necrotise,
                  | Vampiric Draining, Foxfire, Volatile Blastmotes, Anguish.
     0 | D:1      | Reached XP level 1. HP: 10/10 MP: 7/7
     7 | D:1      | Learned a level 1 spell: Necrotise
    91 | D:1      | Found a faded altar of an unknown god.
   135 | D:1      | Reached skill level 1 in Stealth
   135 | D:1      | Reached XP level 2. HP: 16/16 MP: 4/9
   248 | D:1      | Reached skill level 1 in Fighting
   273 | D:1      | Reached XP level 3. HP: 20/20 MP: 3/11
   279 | D:1      | Learned a level 3 spell: Vampiric Draining
   589 | D:2      | Identified the +6 scale mail "Fainnith" {rF+ rC- Will+}
   906 | D:3      | Reached skill level 2 in Stealth
   906 | D:3      | Reached skill level 5 in Spellcasting
   925 | D:3      | Found a basalt altar of Yredelemnul.
   925 | D:3      | Found a snail-covered altar of Cheibriados.
   949 | D:3      | Found a shadowy altar of Dithmenos.
  1064 | D:3      | Noticed an ogre
  1072 | D:3      | Killed an ogre
  1073 | D:3      | Reached XP level 4. HP: 26/26 MP: 4/13
  1073 | D:3      | Reached XP level 5. HP: 30/30 MP: 4/14
  1097 | D:3      | Learned a level 3 spell: Passwall
  1195 | D:3      | Reached skill level 3 in Stealth
  1228 | D:3      | Reached skill level 2 in Fighting
  1340 | D:4      | Found a hazy altar of Hepliaklqana.
  1361 | D:4      | Reached skill level 7 in Necromancy
  1462 | D:5      | Entered Level 5 of the Dungeon
  1683 | D:5      | You fall into a shaft and drop 1 floor!
  1710 | D:5      | Reached skill level 6 in Spellcasting
  1726 | D:5      | Found a staircase to the Ecumenical Temple.
  1736 | D:5      | Reached XP level 6. HP: 33/36 MP: 2/17
  1745 | Temple   | Entered the Ecumenical Temple
  1767 | D:5      | Found a sacrificial altar of Ru.
  1866 | D:5      | Found a shimmering blue altar of Sif Muna.
  1980 | D:5      | Found an iron altar of Okawaru.
  2041 | D:6      | Noticed a steam dragon
  2051 | D:6      | Killed a steam dragon
  2052 | D:6      | Reached skill level 3 in Fighting
  2052 | D:6      | Reached skill level 7 in Spellcasting
  2052 | D:6      | Reached XP level 7. HP: 13/41 MP: 11/19
  2115 | D:6      | Reached skill level 8 in Necromancy
  2148 | D:6      | Reached skill level 1 in Dodging
  2212 | D:6      | Learned a level 4 spell: Olgreb's Toxic Radiance
  2268 | D:6      | Reached skill level 1 in Alchemy
  2337 | D:6      | Reached skill level 2 in Evocations
  2404 | D:6      | Found a blossoming altar of Fedhas.
  2417 | D:6      | Found a runed translucent door.
  2418 | D:6      | Noticed zxspectator's ghost (novice GrFi)
  2469 | D:6      | Reached skill level 2 in Dodging
  2469 | D:6      | Reached skill level 2 in Alchemy
  2491 | D:6      | Found Opyaxelumy's Elemental Accessories.
  2491 | D:6      | Identified the +0 leather armour of Indecent Exposure {Harm
                  | rC+ rN+ MP+9}
  2506 | D:6      | Bought a wand of iceblast (5) for 144 gold pieces
  2509 | D:6      | Learned a level 1 spell: Sting
  2720 | D:7      | Noticed a wyvern
  2727 | D:6      | Reached XP level 8. HP: 43/46 MP: 15/21
  2734 | D:7      | Found a flagged portal.
  2741 | D:7      | Reached skill level 3 in Alchemy
  2746 | D:7      | Reached skill level 3 in Dodging
  2746 | D:7      | Reached skill level 8 in Spellcasting
  2746 | D:7      | Reached skill level 3 in Evocations
  2751 | D:7      | Reached skill level 4 in Alchemy
  2772 | D:7      | Reached skill level 4 in Fighting
  2797 | Bailey   | Entered a bailey
  2915 | D:7      | Found a shimmering altar of Xom.
  2923 | D:7      | Reached skill level 4 in Dodging
  2923 | D:7      | Reached skill level 5 in Alchemy
  3017 | D:7      | Reached XP level 9. HP: 34/52 MP: 15/23
  3058 | D:7      | Reached skill level 6 in Alchemy
  3077 | D:7      | Reached skill level 5 in Dodging
  3301 | D:7      | Reached skill level 5 in Fighting
  3301 | D:7      | Reached skill level 7 in Alchemy
  3377 | D:8      | Reached skill level 6 in Dodging
  3399 | D:8      | Reached skill level 8 in Alchemy
  3506 | D:8      | Noticed Jeremiah
  3526 | D:8      | Killed Jeremiah
  3589 | D:8      | Found an ancient bone altar of Kikubaaqudgha.
  3597 | D:8      | Became a worshipper of Kikubaaqudgha
  3717 | D:8      | Learned a level 4 spell: Martyr's Knell
  3725 | D:8      | Found Noggopt's Antique Armour Shoppe.
  3834 | D:8      | Found a runed translucent door.
  3837 | D:8      | Noticed paps's ghost (novice TrSh)
  3862 | D:8      | Paralysed by a hornet for 1 turns
  3866 | D:8      | Reached skill level 9 in Alchemy
  3866 | D:8      | Reached XP level 10. HP: 58/60 MP: 15/24
  3926 | D:9      | Reached skill level 1 in Summonings
  3943 | D:9      | Noticed Maggie
  3952 | D:9      | Reached skill level 1 in Armour
  3953 | D:9      | Killed Maggie
  3978 | D:9      | Found a stormy altar of Qazlal.
  4072 | D:9      | Reached skill level 6 in Fighting
  4072 | D:9      | Reached skill level 2 in Summonings
  4100 | D:9      | Noticed Psyche
  4222 | D:9      | Reached * piety under Kikubaaqudgha
  4222 | D:9      | Received a gift from Kikubaaqudgha
  4324 | D:9      | Killed Psyche
  4340 | D:10     | Entered Level 10 of the Dungeon
  4352 | D:10     | Found a bloodstained altar of Trog.
  4406 | D:10     | Found Urhaffao's Armour Shop.
  4408 | D:10     | Found a staircase to the Orcish Mines.
  4412 | D:10     | Reached skill level 2 in Armour
  4435 | D:10     | Noticed Urug
  4447 | D:10     | Killed Urug
  4448 | D:10     | Reached skill level 3 in Summonings
  4448 | D:10     | Reached skill level 10 in Alchemy
  4516 | D:10     | Found an opulent altar of Gozag.
  4558 | D:10     | Reached skill level 4 in Summonings
  4586 | D:10     | Found a staircase to the Lair.
  4587 | D:10     | Found a runed translucent gate.
  4587 | D:10     | Found a runed translucent gate.
  4587 | D:10     | Found a runed translucent gate.
  4587 | D:10     | Noticed snadeaben's ghost (novice TrFi)
  4594 | D:10     | Noticed a two-headed ogre
  4597 | D:10     | Noticed a nameless horror
  4602 | D:10     | Killed a two-headed ogre
  4603 | D:10     | Reached skill level 7 in Fighting
  4603 | D:10     | Reached skill level 3 in Armour
  4610 | D:10     | Killed a nameless horror
  4685 | D:10     | Noticed a wizard
  4688 | D:10     | Killed a wizard
  4719 | D:10     | Found an ornate altar of the Wu Jian Council.
  4747 | Orc:1    | Entered Level 1 of the Orcish Mines
  4785 | Orc:1    | Found Izetuz's Antique Armour Shop.
  4828 | Orc:2    | Entered Level 2 of the Orcish Mines
  4847 | Orc:2    | Noticed an orc warlord
  4847 | Orc:2    | Noticed a kobold blastminer
  4850 | Orc:2    | Noticed a kobold blastminer
  4857 | Orc:2    | Reached skill level 5 in Summonings
  4868 | Orc:1    | Reached XP level 11. HP: 44/67 MP: 4/25
  4869 | Orc:1    | Reached skill level 4 in Armour
  5015 | Orc:1    | You fall into a shaft and drop 1 floor!
  5031 | Orc:2    | Reached ** piety under Kikubaaqudgha
  5043 | Orc:2    | Noticed an orc sorcerer
  5043 | Orc:2    | Noticed an orc high priest
  5049 | Orc:2    | Reached skill level 6 in Summonings
  5056 | Orc:2    | Killed an orc sorcerer
  5061 | Orc:2    | Killed an orc high priest
  5077 | Orc:2    | Noticed an orc sorcerer
  5082 | Orc:2    | Noticed a sun demon
  5083 | Orc:2    | Killed an orc sorcerer
  5125 | Orc:2    | Noticed an orc sorcerer
  5134 | Orc:2    | Killed an orc sorcerer
  5178 | Orc:2    | Noticed an orc high priest
  5184 | Orc:2    | Reached skill level 7 in Dodging
  5184 | Orc:2    | Reached skill level 9 in Spellcasting
  5186 | Orc:2    | Killed an orc high priest
  5196 | Orc:2    | Reached skill level 9 in Necromancy
  5203 | Orc:2    | Reached *** piety under Kikubaaqudgha
  5203 | Orc:2    | Received a gift from Kikubaaqudgha
  5218 | Orc:2    | Learned a level 6 spell: Death Channel
  5224 | Orc:2    | Learned a level 5 spell: Borgnjor's Vile Clutch
  5231 | Orc:2    | Found Oloimoe's Assorted Antiques.
  5231 | Orc:2    | Found Figodits's Book Emporium.
  5233 | Orc:2    | Found Joawk's Weapon Shoppe.
  5236 | Orc:2    | Found Kaebis's Jewellery Shoppe.
  5242 | Orc:2    | Bought a book of Spontaneous Combustion for 570 gold pieces
  5243 | Orc:2    | Bought a scroll labelled ROHAYZ OTEKUCU for 24 gold pieces
  5243 | Orc:2    | Bought a scroll labelled ROHAYZ OTEKUCU for 24 gold pieces
  5243 | Orc:2    | Bought an agate ring for 120 gold pieces
  5243 | Orc:2    | Bought a coppery potion for 21 gold pieces
  5248 | Orc:2    | Noticed an orc sorcerer
  5259 | Orc:2    | Paralysed by an orc sorcerer for 2 turns
  5261 | Orc:2    | Killed an orc sorcerer
  5279 | Orc:2    | Reached skill level 1 in Earth Magic
  5445 | Orc:2    | Noticed an orc knight
  5465 | Orc:2    | Reached skill level 2 in Earth Magic
  5471 | Orc:2    | Killed an orc knight
  5475 | Orc:2    | Reached skill level 10 in Necromancy
  5495 | Orc:2    | Killed an orc warlord
  5496 | Orc:2    | Reached skill level 8 in Dodging
  5496 | Orc:2    | Reached XP level 12. HP: 73/73 MP: 17/27
  5582 | Orc:2    | Bought a small gilded ring for 120 gold pieces
  5684 | Lair:1   | Entered Level 1 of the Lair of Beasts
  5703 | Lair:1   | Reached skill level 8 in Fighting
  5703 | Lair:1   | Reached skill level 10 in Spellcasting
  5708 | Lair:1   | Reached skill level 3 in Earth Magic
  5836 | Lair:1   | You fall into a shaft and drop 1 floor!
  5945 | Lair:2   | Reached skill level 11 in Necromancy
  5964 | Lair:2   | Reached skill level 4 in Earth Magic
  6022 | Lair:2   | Found a staircase to the Snake Pit.
  6048 | Lair:2   | Found a staircase to the Swamp.
  6089 | Lair:3   | Reached skill level 9 in Dodging
  6135 | Lair:3   | Noticed a death yak
  6136 | Lair:3   | Noticed a death yak
  6136 | Lair:3   | Noticed a death yak
  6137 | Lair:3   | Noticed a death yak
  6138 | Lair:3   | Noticed a death yak
  6147 | Lair:3   | Killed a death yak
  6150 | Lair:3   | Killed a death yak
  6151 | Lair:3   | Reached skill level 11 in Spellcasting
  6151 | Lair:3   | Reached skill level 12 in Necromancy
  6154 | Lair:3   | Killed a death yak
  6154 | Lair:3   | Killed a death yak
  6155 | Lair:3   | Reached skill level 5 in Earth Magic
  6155 | Lair:3   | Killed a death yak
  6183 | Lair:3   | Noticed a six-headed hydra
  6196 | Lair:3   | Killed a six-headed hydra
  6205 | Lair:3   | Reached **** piety under Kikubaaqudgha
  6223 | Lair:3   | Noticed Sonja
  6238 | Lair:3   | Killed Sonja
  6239 | Lair:3   | Reached XP level 13. HP: 65/80 MP: 11/30
  6414 | Lair:5   | Entered Level 5 of the Lair of Beasts
  6502 | Lair:5   | Reached skill level 9 in Fighting
  6503 | Lair:5   | Reached skill level 13 in Necromancy
  6507 | Lair:5   | Reached skill level 10 in Dodging
  6729 | Lair:5   | Found a staircase to the Slime Pits.
  6811 | Lair:5   | Reached skill level 12 in Spellcasting
  6844 | Lair:5   | Identified the +2 troll leather armour of the Holding Gods
                  | {Will++ Regen+ Stlth+}
  6957 | Lair:4   | Learned a level 5 spell: Irradiate
  7000 | Lair:3   | Reached skill level 14 in Necromancy
  7012 | Lair:3   | Reached skill level 1 in Conjurations
  7123 | Lair:3   | Noticed Gastronok
  7181 | Lair:3   | Killed Gastronok
  7182 | Lair:3   | Reached skill level 2 in Conjurations
  8405 | D:6      | Found a sparkling altar of Nemelex Xobeh.
  9014 | D:8      | Killed paps's ghost
  9503 | D:10     | Reached skill level 3 in Conjurations
  9515 | D:10     | Reached skill level 13 in Spellcasting
  9569 | D:10     | Identified the +8 dagger "Qoveg" {freeze, rF+ Int+2}
  9866 | D:10     | Reached skill level 4 in Conjurations
  9866 | D:10     | Killed snadeaben's ghost
  9867 | D:10     | Reached skill level 10 in Fighting
 10070 | Orc:2    | Noticed Donald
 10081 | Orc:2    | Killed Donald
 10198 | Orc:2    | Reached ***** piety under Kikubaaqudgha
 10199 | Orc:2    | Reached skill level 1 in Shields
 10265 | Orc:2    | Found a staircase to the Elven Halls.
 10282 | Orc:2    | Reached skill level 5 in Conjurations
 10689 | Orc:1    | Found Vyn Faoz Piy's General Store.
 10703 | Orc:1    | Reached XP level 14. HP: 61/88 MP: 14/33
 10762 | Orc:1    | Bought a scroll of blinking for 82 gold pieces
 10762 | Orc:1    | Bought 2 potions of curing for 66 gold pieces
 10762 | Orc:1    | Bought 2 potions of curing for 66 gold pieces
 11061 | Lair:1   | Reached skill level 2 in Shields
 11485 | Lair:1   | Noticed Harold
 11495 | Lair:1   | Killed Harold
 12519 | Lair:4   | Reached skill level 6 in Conjurations
 12520 | Lair:4   | Reached skill level 3 in Shields
 12673 | Lair:4   | Reached skill level 7 in Summonings
 13382 | Lair:5   | Reached skill level 4 in Shields
 13694 | Lair:5   | Reached skill level 8 in Summonings
 13778 | Lair:5   | Reached skill level 5 in Shields
 13793 | Lair:5   | Found a corrupted altar of Lugonu.
 13793 | Lair:5   | Found a one-way gate to the infinite horrors of the Abyss.
 14088 | Snake:1  | Entered Level 1 of the Snake Pit
 14125 | Snake:1  | Noticed Rupert
 14138 | Snake:1  | Killed Rupert
 14139 | Snake:1  | Reached skill level 6 in Shields
 14217 | Snake:1  | Reached skill level 7 in Shields
 14679 | Snake:2  | Reached skill level 8 in Shields
 14708 | Snake:2  | Found Detochon Fue's Armour Shoppe.
 14793 | Snake:2  | Reached XP level 15. HP: 55/92 MP: 21/34
 14889 | Snake:2  | Reached skill level 9 in Shields
 15144 | Snake:2  | Reached ****** piety under Kikubaaqudgha
 15154 | Snake:2  | Reached skill level 10 in Shields
 15405 | Snake:3  | Identified the serpent talisman of Nozewk {rF++ rCorr Int-5
                  | SInv}
 15405 | Snake:3  | Noticed Aizul
 15428 | Snake:3  | Killed Aizul
 15429 | Snake:3  | Reached skill level 9 in Summonings
 15718 | Snake:3  | Noticed a nagaraja
 15730 | Snake:3  | Killed a nagaraja
 15821 | Snake:3  | Noticed Razfen's ghost (adept GnWn)
 15861 | Snake:3  | Noticed a tentacled starspawn
 15862 | Snake:3  | Found a transporter.
 15867 | Snake:3  | Found a transporter.
 15885 | Snake:3  | Killed from afar by a salamander tyrant

Illustrated notes

Levels and vault maps discovered:
D:1:      shiori_arrival_whats_in_store_for_you, layout_rooms,
          hellmonk_ecumenical_altar_prayer_group
D:2:      layout_loops_corners
D:3:      layout_basic, mainiacjoe_overflow_alcove_2,
          chequers_temple_overflow_statue_of_worship
D:4:      layout_basic, worldfamousw_hep_ancestral_shrine
D:5:      layout_loops_ring, mainiacjoe_overflow_large_starburst,
          mainiacjoe_overflow_paths, minmay_temple_entry_slanted
D:6:      layout_loops_corners, nemelex_spade_bored_becter,
          lemuel_crystal_altar, ebering_ghost_reflecting_pool,
          nicolae_elemental_shop
D:7:      minmay_s_stair_smasher, layout_basic, old_standard_altar,
          enter_bailey_6
D:8:      layout_loops_ring, lemuel_zombie_altar_kikubaaqudgha, serial_shops,
          shop, ebering_ghost_inner_flame, uniq_jeremiah
D:9:      layout_basic, nicolae_qazlal_general_emergency, uniq_maggie,
          uniq_psyche
D:10:     layout_cave_pools, grunt_gozag_statues, mainiacjoe_overflow_brackets,
          trog_wizard, orc_david_3, gammafunk_ghost_spectres, serial_glass,
          glass_columns_a, glass_columns_a, glass_columns_b,
          nicolae_doodle_vault, uniq_urug
Temple:   nicolae_temple_little_seven
Lair:1:   layout_cave_pods, serial_bayou_shore_a, lemuel_fruit_tree,
          lemuel_fruit_fields, uniq_harold
Lair:2:   layout_hall_layers, minmay_swamp_entry_eels, dummy_snake_entry,
          infiniplex_staircase_pool
Lair:3:   layout_chaotic_city, lemuel_fruit_fields, grunt_megastairs_2,
          uniq_gastronok, uniq_sonja
Lair:4:   lemuel_slime, layout_loops_ring
Lair:5:   hellmonk_lair_end_abyssal_woods, layout_long_grid, slime_entry_1,
          ice2_lemuel, infiniplex_staircase_pool_2
Snake:1:  layout_concentric_octagons, special_room, uniq_rupert
Snake:2:  layout_rooms, nrook_guardian_serpent_ordinary, minmay_shop_star
Snake:3:  layout_onion, gammafunk_ghost_abyssal_escape,
          nicolae_snake_mages_go_home, uniq_aizul
Orc:1:    layout_caves, basic_altar, serial_shops, nicolae_shop_tiny_waterfront,
          shop, nicolae_orc_crystal_seam, mines2_david
Orc:2:    st_orc_mages, layout_caves, minmay_orc_temple_a, uniq_donald

Skill      XL: |  1  2  3  4  5  6  7  8  9 10 11 12 13 14 15 |
---------------+----------------------------------------------+-----
Stealth        | 1 2 3 |  3.0
Fighting       | 1 2 3 4 5 7 8 10 | 10.4
Spellcasting   | 5 6 7 8 9 11 13 | 13.8
Necromancy     | 7 8 10 12 14 | 14.5
Dodging        | 2 4 6 8 9 10 | 10.0
Alchemy        | 2 5 9 10 | 10.0
Evocations     | 2 3 |  3.2
Summonings     | 5 6 8 9 |  9.6
Armour         | 3 4 |  4.0
Earth Magic    | 2 5 |  5.0
Conjurations   | 5 6 |  6.0
Shields        | 1 8 10 | 10.0
Fire Magic     | |  1.1

Action                     |  1- 3 |  4- 6 |  7- 9 | 10-12 | 13-15 || total
---------------------------+-------+-------+-------+-------+-------++-------
  Melee: Dagger            |     9 |    12 |       |       |       ||    21
         Short sword       |       |       |    19 |       |       ||    19
         Eveningstar       |       |       |       |     8 |       ||     8
         Staff             |       |       |       |       |    89 ||    89
         Punch             |       |       |       |       |     1 ||     1
   Fire: Arbalest          |       |    53 |    53 |    50 |    15 ||   171
  Throw: Boomerang         |       |     4 |       |       |     1 ||     5
   Cast: Necrotise         |    67 |    32 |    90 |    43 |    73 ||   305
         Vampiric Draining |       |    10 |    48 |    37 |    27 ||   122
         Passwall          |       |     2 |       |       |       ||     2
         Olgreb's Toxic Ra |       |       |    14 |    98 |    89 ||   201
         Sting             |       |       |     1 |       |       ||     1
         Martyr's Knell    |       |       |       |    15 |    46 ||    61
         Borgnjor's Vile C |       |       |       |    14 |    94 ||   108
         Death Channel     |       |       |       |     4 |    32 ||    36
         Irradiate         |       |       |       |       |    27 ||    27
 Invoke: Unearth Wretches  |       |       |       |     4 |    13 ||    17
  Evoke: Wand              |       |       |    17 |     9 |     5 ||    31
         Lightning rod     |       |       |       |       |     3 ||     3
    Use: Scroll            |       |     4 |     4 |    11 |    17 ||    36
         Potion            |       |     2 |       |       |     2 ||     4
   Stab: Sleeping          |     1 |       |       |       |       ||     1
         Distracted        |       |       |       |       |     1 ||     1
 Armour: Robe              |    12 |    42 |       |       |       ||    54
         Steam dragon scal |       |       |   102 |     6 |       ||   108
         Ring mail         |       |       |       |    55 |       ||    55
         Troll leather arm |       |       |       |    58 |   299 ||   357
  Dodge: Dodged            |    12 |    42 |   119 |    87 |   250 ||   510
  Block: Kite shield       |       |       |       |       |    60 ||    60

Table legend:
 A = Kills in this place as a percentage of kills in the entire game.
 B = Kills by you in this place as a percentage of kills by you in the entire game.
 C = Kills by friends in this place as a percentage of kills by friends in the entire game.
 D = Other kills in this place as a percentage of other kills in the entire game.
 E = Experience gained in this place as a percentage of experience gained in the entire game.
 F = Experience gained in this place divided by the number of levels of this place that you have seen.
                   A       B       C       D       E      F
               +-------+-------+-------+-------+-------+----------------------
         Total | 100.0 | 100.0 | 100.0 | 100.0 | 100.0 | 6180.2
       Dungeon |  34.8 |  41.4 |  11.3 |  25.0 |  11.8 | 1607.4
          Lair |  28.3 |  21.9 |  51.1 |  50.0 |  38.5 | 10476.0
     Snake Pit |  14.4 |  10.1 |  29.8 |  25.0 |  37.0 | 16761.0
  Orcish Mines |  22.4 |  26.6 |   7.8 |   0.0 |  12.7 | 8614.0
               +-------+-------+-------+-------+-------+----------------------

Table legend: (Time is in decaauts)
 A = Elapsed time spent in this place.
 B = Non-inter-level travel time spent in this place.
 C = Inter-level travel time spent in this place.
 D = Time resting spent in this place.
 E = Time spent auto-exploring this place.
 F = Levels seen in this place.
 G = Mean time per level.
                   A        B        C        D        E       F      G
               +--------+--------+--------+--------+--------+-----+--------+
         Total |  16127 |  14778 |   1349 |    164 |   5361 |  22 |  733.0 |
       Dungeon |   7656 |   6831 |    825 |      0 |   2079 |  10 |  765.6 |
        Temple |      1 |      1 |      0 |      0 |      0 |   1 |    1.0 |
          Lair |   4759 |   4547 |    212 |    136 |   2176 |   5 |  951.8 |
     Snake Pit |   1826 |   1771 |     55 |     28 |    533 |   3 |  608.7 |
  Orcish Mines |   1881 |   1625 |    256 |      0 |    573 |   2 |  940.5 |
        Bailey |      2 |      2 |      0 |      0 |      0 |   1 |    2.0 |
               +--------+--------+--------+--------+--------+-----+--------+

Top non-repeatable levels by time:
  Lair:5: 1335 daAuts
   Orc:2: 1239 daAuts
     D:6: 1142 daAuts
    D:10: 1065 daAuts
  Lair:4: 1043 daAuts
     D:8: 909 daAuts
  Lair:1: 907 daAuts
     D:2: 867 daAuts
 Snake:2: 818 daAuts
  Lair:3: 818 daAuts
     D:9: 812 daAuts
     D:7: 782 daAuts
     D:5: 665 daAuts
  Lair:2: 654 daAuts
   Orc:1: 641 daAuts
